Map: Baie de réparation EC

Players

Cash - Winner!

  • Race: Protoss Protoss
  • League: Gold
  • Spawn Location: 7:00

zidar

  • Race: Zerg Zerg
  • League: Gold
  • Spawn Location: 1:00

VOD

Have the link to the VOD?

Description

Time

  • Played on: Aug. 31, 2017, 1:56 p.m.
  • Length: 3:51
Show
View Real Time Build Order
Export as new Build Order

Cash Protoss - Winner!

Build Orders:  

Get SALT Encoding   

  12  0:02  Probe (Chrono Boost)  
  13  0:16  Pylon  
  13  0:20  Probe (Chrono Boost)  
  14  0:30  Probe (Chrono Boost)  
  15  0:41  Probe (Chrono Boost)  
  16  0:51  Probe (Chrono Boost)  
  16  0:52  Pylon  
  17  1:13  Gateway  
  17  1:15  Gateway  
  17  1:18  Gateway  
  17  1:23  Gateway  
  17  1:31  Pylon  
  17  1:39  Assimilator  
  17  1:41  Probe (Chrono Boost)  
  18  2:00  Probe (Chrono Boost)  
  19  2:07  Zealot (Chrono Boost)  
  19  2:08  Zealot (Chrono Boost)  
  25  2:09  Zealot (Chrono Boost)  
  25  2:15  Zealot (Chrono Boost)  
  27  2:35  Zealot (Chrono Boost)  
  27  2:37  Zealot x2 (Chrono Boost)  
  33  2:43  Pylon  
  33  2:47  Zealot (Chrono Boost)  
  35  3:03  Cybernetics Core  
  37  3:07  Zealot (Chrono Boost)  
  37  3:11  Zealot (Chrono Boost)  
Show
View Real Time Build Order
Export as new Build Order

zidar Zerg 

Build Orders: Hatch First 

Get SALT Encoding   

  12  0:01  Drone  
  13  0:12  Overlord  
  13  0:16  Drone  
  14  0:31  Drone x2  
  14  0:34  Drone  
  17  0:55  Hatchery  
  16  0:59  Drone  
  17  1:04  Extractor  
  17  1:05  Drone  
  17  1:18  Spawning Pool  
  17  1:24  Drone  
  17  1:26  Drone  
  17  1:30  Drone  
  19  2:06  Queen  
  19  2:07  Queen  
  23  2:10  Zergling x6  
  26  2:24  Drone x2  
  26  2:28  Overlord  
  28  2:54  Roach Warren  
  27  2:59  Drone x2  
  27  3:00  Drone x4  
  33  3:13  Drone x2  
  33  3:18  Overlord x2  
  35  3:21  Drone  
  35  3:32  Extractor  
Tags
 
Add a new tag
Caveats
  • Supply blocks, unpowered buildings, or Contaminate may cause inaccurate times.
  • Supply counts are checked every 10 seconds.